Map: Dusk Towers

Players

TesteR

  • Race: Protoss Protoss
  • League: Master

xKawaiian - Winner!

  • Race: Terran Terran
  • League: Master

VOD

Have the link to the VOD?

Description

Time

  • Played on: Jan. 15, 2016, 4:38 p.m.
  • Length: 4:28
Show
View Real Time Build Order
Export as new Build Order

TesteR Protoss 

Build Orders:  

Get SALT Encoding   

  12  0:01  Probe (Chrono Boost)  
  13  0:11  Probe (Chrono Boost)  
  14  0:22  Pylon  
  14  0:23  Probe (Chrono Boost)  
  15  0:40  Probe (Chrono Boost)  
  15  0:41  Gateway  
  16  0:45  Assimilator  
  16  0:50  Probe (Chrono Boost)  
  17  1:01  Probe (Chrono Boost)  
Show
View Real Time Build Order
Export as new Build Order

xKawaiian Terran - Winner!

Build Orders: Reaper Expand 

Get SALT Encoding   

  12  0:01  SCV  
  13  0:13  SCV  
  14  0:17  Supply Depot  
  14  0:25  SCV  
  15  0:39  SCV  
  15  0:41  Barracks  
  16  0:48  Refinery  
  16  0:51  SCV  
  17  1:03  SCV  
  18  1:15  SCV  
  19  1:28  Orbital Command  
  19  1:31  Reaper  
  20  1:41  Command Center  
  20  1:53  Supply Depot  
  20  1:54  SCV  
  21  2:03  Barracks Reactor  
  21  2:06  SCV  
  22  2:10  Barracks  
  22  2:19  SCV  
  22  2:20  Barracks  
  23  2:31  SCV  
  24  2:43  SCV, Marine x2  
  27  2:55  Orbital Command  
  27  2:56  SCV  
  27  2:58  Barracks Tech Lab  
  28  3:04  Factory, Refinery  
  28  3:05  Marine  
  29  3:07  Marine  
  29  3:08  SCV, Marine  
  32  3:20  SCV  
  32  3:22  SCV  
  34  3:27  Marine x2  
  34  3:29  Marine  
  34  3:30  Marine  
  34  3:31  Supply Depot  
  34  3:33  SCV  
  39  3:36  SCV  
  40  3:43  Supply Depot  
  40  3:45  Marine x2  
  40  3:47  Marine  
  43  3:50  SCV  
  43  3:52  SCV  
  45  3:55  Starport  
  45  3:57  Factory Reactor  
  45  4:01  Supply Depot  
  46  4:02  SCV  
  46  4:03  Marine  
  46  4:06  Marine x2  
  46  4:07  SCV  
Tags
 
Add a new tag
Caveats
  • Supply blocks, unpowered buildings, or Contaminate may cause inaccurate times.
  • Supply counts are checked every 10 seconds.